 Dungeon Crawl Stone Soup version 0.29-a0-330-g52719c12eb (webtiles) character file.

Game seed: 15225700744792658295

24807 latons the Cleaver (level 12, -4/100 HPs)
             Began as a Minotaur Berserker on May 10, 2022.
             Was a High Priest of Trog.
             Slain by a meliai
             ... wielding a +0 hand axe
              (8 damage)
             ... on level 1 of the Spider Nest.
             The game lasted 01:14:11 (13784 turns).

latons the Cleaver (Minotaur Berserker)            Turns: 13784, Time: 01:14:12

Health: -4/100     AC: 27    Str: 26    XL:     12   Next: 83%
Magic:  9/9        EV: 10    Int:  7    God:    Trog [*****.]
Gold:   1136       SH:  5    Dex: 11    Spells: 11/11 levels left

rFire   + . .      SeeInvis .   G - +6 hand axe "Killer Bee's Curse" {drain, rF+}
rCold   . . .      Faith    .   (no shield)
rNeg    . . .      Spirit   .   i - +3 plate armour
rPois   +          Reflect  +   (helmet restricted)
rElec   .          Harm     .   u - +0 cloak
rCorr   .          Rampage  .   (no gloves)
Will    .....                   M - +2 pair of boots of Painahib {rPois Int+3}
Stlth   ..........              x - amulet of reflection
HPRegen 0.26/turn               k - ring of flight
MPRegen 0.11/turn               O - +4 ring of protection

@: spiked, on berserk cooldown, flying, slowed, very slow
A: horns 2, retaliatory headbutt, frail 1, low MP 1
a: Renounce Religion, Berserk, Trog's Hand, Brothers in Arms


You were on level 1 of the Spider Nest.
You worshipped Trog.
Trog was extremely pleased with you.
You visited 4 branches of the dungeon, and saw 13 of its levels.
You also visited: Bailey.

You collected 1136 gold pieces.

Inventory:

Hand Weapons
 a - a +1 hand axe
 c - a +1 short sword of protection
 l - a +2 demon whip of venom
 m - the +6 hunting sling of Royalism {flame, rElec MP+9 Dex-4}
   (You found it on level 2 of the Dungeon)

   Any ammunition fired from it burns those it strikes, dealing additional fire
   damage.
   Dex:       It affects your dexterity (-4).
   rElec:     It insulates you from electricity.
   MP:        It affects your magic capacity (+9).
 v - a +0 hand axe of flaming
 w - a +4 trident of protection
 y - a +1 scythe of venom
 B - a +1 whip of holy wrath
 F - a +2 spear of freezing
 G - the +6 hand axe "Killer Bee's Curse" (weapon) {drain, rF+}
   (You found it on level 6 of the Dungeon)

   A truly terrible weapon, it drains the life of any living foe it strikes.
   rF:        It protects you from fire.
 R - a +2 long sword of holy wrath
 T - a +4 spear of freezing
 U - a +1 long sword of electrocution
Missiles
 e - 13 curare-tipped darts
 f - 4 datura-tipped darts
 h - 16 poisoned darts (quivered)
 Z - 4 atropa-tipped darts
Armour
 b - the +3 leather armour "Huadak" {rN+}
   (You found it on level 9 of the Dungeon)

   rN:        It protects you from negative energy.
 i - a +3 plate armour (worn)
 u - a +0 cloak (worn)
 M - the +2 pair of boots of Painahib (worn) {rPois Int+3}
   (You acquired it on level 1 of the Lair of Beasts)

   Int:       It affects your intelligence (+3).
   rPois:     It protects you from poison.
 P - the +8 chain mail of Huuppaj {Harm rElec Int-4 Dex+4}
   (You found it on level 7 of the Dungeon)

   Int:       It affects your intelligence (-4).
   Dex:       It affects your dexterity (+4).
   rElec:     It insulates you from electricity.
   Harm:      It increases damage dealt and taken.
Jewellery
 j - a ring of poison resistance
 k - a ring of flight (left hand)
 p - a ring of ice
 x - an amulet of reflection (around neck)
 z - a ring of protection from cold
 D - an amulet of guardian spirit
 K - an amulet of regeneration
 O - a +4 ring of protection (right hand)
 W - a ring of resist corrosion
Wands
 d - a wand of acid (3)
 g - a wand of mindburst (6)
 r - a wand of iceblast (21)
 H - a wand of charming (5)
 S - a wand of digging (5)
 Y - a wand of paralysis (3)
Scrolls
 n - a scroll of brand weapon {unknown}
 t - 2 scrolls of fear
 A - 3 scrolls of teleportation
 I - a scroll of acquirement
 J - a scroll of silence
 V - a scroll of blinking
Potions
 q - 2 potions of curing
 s - 6 potions of haste
 C - 3 potions of might
 N - a potion of resistance {unknown}
 Q - a potion of invisibility
 X - a potion of heal wounds
Miscellaneous
 o - a condenser vane


   Skills:
 * Level 11.8 Fighting
 - Level 11.2 Long Blades
 + Level 12.6(13.2) Axes
 - Level 6.0(10.1) Polearms
 * Level 3.2 Slings
 + Level 11.2 Armour
 + Level 9.4 Dodging
 - Level 3.7 Shields
 + Level 1.8 Evocations


You had 11 spell levels left.
You didn't know any spells.
Your spell library contained the following spells:

 Spells                   Type           Power      Damage    Failure   Level
 Magic Dart               Conj           0%         1d3       99%         1
 Searing Ray              Conj           0%         2d4       99%         2
 Conjure Flame            Conj/Fire      0%         6-21      100%        3
 Ignite Poison            Fire/Tmut/Pois 0%         N/A       100%        3
 Portal Projectile        Hex/Tloc       0%         N/A       100%        3
 Fulminant Prism          Conj/Hex       0%         3d6       100%        4
 Sticky Flame             Conj/Fire      0%         2d3       100%        4
 Blade Hands              Tmut           0%         N/A       100%        5
 Excruciating Wounds      Necr           0%         N/A       100%        5
 Iskenderun's Battlesphe  Conj           0%         2d6       100%        5
 Iron Shot                Conj/Erth      0%         9d1       100%        6
 Spellforged Servitor     Conj/Summ      0%         N/A       100%        7


Dungeon Overview and Level Annotations

Branches:
Dungeon (9/15)             Temple (1/1) D:4            Lair (2/6) D:8
 Spider (1/4) Lair:2       Bailey (visited)
  Swamp: Lair:2-4    Shoals: Lair:2-4       Orc: D:9-12

Altars:
Ashenzari
Cheibriados
Dithmenos
Elyvilon
Fedhas
Hepliaklqana
Kikubaaqudgha
Makhleb
Okawaru
Qazlal
Ru
Sif Muna
Trog
Vehumet
Wu Jian
Xom
Yredelemnul
Zin
The Shining One

Shops:
D:1 *([=?


Innate Abilities, Weirdness & Mutations

You have a pair of horns on your head.
You reflexively headbutt those who attack you in melee.
You are frail. (-10% HP)
Your magical capacity is low. (-10% MP)


Message History

The meliai buzzes angrily.
The barbed spikes dig painfully into your body as you move.
The barbed spikes dig painfully into your body as you move.
A meliai comes into view. It is wielding a +0 hand axe.
The barbed spikes dig painfully into your body as you move.
The meliai buzzes angrily.
The meliai hits you but does no damage. The meliai stings you.
* * * LOW HITPOINT WARNING * * *
Unknown command.
Okay, then.
Unknown command.
Your two-headed ogre goes berserk!
You block the meliai's attack.
The meliai hits your two-headed ogre with a +0 hand axe.
The meliai closely misses you. The meliai hits you with a +0 hand axe!
* * * LOW HITPOINT WARNING * * *
The meliai completely misses your two-headed ogre.
The meliai stings you but does no damage.
The meliai barely misses you. You furiously retaliate!
You headbutt the meliai!
The meliai stings you but does no damage.
The meliai hits you with a +0 hand axe.
* * * LOW HITPOINT WARNING * * *
The meliai completely misses your two-headed ogre.
The meliai closely misses you.
The barbed spikes dig painfully into your body as you move.
* * * LOW HITPOINT WARNING * * *
The meliai barely misses you. The meliai stings you.
* * * LOW HITPOINT WARNING * * *
The meliai barely misses you.
The meliai stings you but does no damage.
The meliai hits you but does no damage.
The meliai stings you but does no damage.
The meliai closely misses you. You furiously retaliate!
You headbutt the meliai, but do no damage.
The meliai stings you but does no damage.
The meliai hits you with a +0 hand axe.
* * * LOW HITPOINT WARNING * * *
The meliai hits your two-headed ogre with a +0 hand axe.
The meliai stings you!
You die...

....#.............#....
#..####..........#....
#.........†.....##.... ..
#........##†...##.....
...##..#...........#......
...#..†............#.....^
#....#.....#..##.........#
###...#...##..[^.......###
##......@............##
#......yyy....###....#
#......#.O#..## ##..##
#....#..#......# ####
#^...#.....†..##
###..#...†)†.##
#.^....#.†.#
#.....##.#...#
......##........#


You could see 3 meliai and a friendly two-headed ogre (summoned, berserk).

Vanquished Creatures
  A catoblepas (Lair:2)
  3 two-headed ogres
  Amaemon (Lair:1)
  A steelbarb worm (Spider:1)
  A deep elf pyromancer (D:8)
  3 wolf spiders (Spider:1)
  A cyclops (D:8)
  4 elephants (Lair:2)
  A black mamba (Lair:2)
  An orange demon (Lair:1)
  A demonic crawler (Spider:1)
  An unseen horror (D:8)
  2 komodo dragons
  A polar bear (Lair:2)
  The ghost of Anon1729 the Slasher, an amateur MiMo of Uskayaw (D:4)
  5 tarantellas (Spider:1)
  4 culicivoras (Spider:1)
  Sigmund (D:5)
  2 jumping spiders (Spider:1)
  The ghost of kobe the Skirmisher, an amateur OgAr (D:3)
  28 yaks
  3 wyverns
  20 redbacks
  5 steam dragons
  A vampire mosquito (D:8)
  Duvessa (D:5)
  4 water moccasins
  8 orc warriors
  A black bear (D:8)
  2 sky beasts (D:8)
  An ogre (D:5)
  6 wolves (Lair:2)
  5 kobold brigands (Bailey)
  A phantom (D:4)
  2 gnoll sergeants
  13 bullfrogs
  A necrophage (D:5)
  4 scorpions
  Dowan (D:5)
  2 wights (D:8)
  7 killer bees
  6 howler monkeys
  3 hounds
  5 orc priests
  A gnoll shaman (D:6)
  An iron imp (D:5)
  2 jellies
  5 iguanas
  9 orc wizards
  17 gnolls
  6 adders
  2 shadow imps
  3 white imps
  An ufetubus (D:6)
  A worm (D:2)
  A dart slug (D:1)
  29 orcs
  3 endoplasms
  3 giant cockroaches
  9 goblins
  8 hobgoblins
  18 kobolds
  3 quokkas
  5 ball pythons
  6 bats (D:1)
  3 frilled lizards
  11 rats
313 creatures vanquished.

Vanquished Creatures (collateral kills)
  A yak (D:9)
  An endoplasm (D:4)
2 creatures vanquished.

Vanquished Creatures (others)
  A hydra (Lair:2)
  A goblin (D:9)
  A kobold (Bailey)
  10 fungi
  15 plants
28 creatures vanquished.

Grand Total: 343 creatures vanquished

Notes
Turn   | Place    | Note
-------+----------+-------------------------------------------
     0 | D:1      | latons the Minotaur Berserker began the quest for the Orb.
     0 | D:1      | Reached XP level 1. HP: 19/19 MP: 0/0
    56 | D:1      | Found Homixkax's General Store.
   134 | D:1      | Found Moulyoje's Armour Boutique.
   182 | D:1      | Reached XP level 2. HP: 27/27 MP: 1/1
   234 | D:1      | Reached skill level 4 in Axes
   462 | D:1      | Found Cumnirchu's Jewellery Boutique.
   569 | D:1      | Reached ** piety under Trog
   808 | D:1      | Found Souwn's Weapon Emporium.
  1003 | D:1      | Reached XP level 3. HP: 33/33 MP: 2/2
  1260 | D:1      | Found Dodu Yrph's Magic Scroll Boutique.
  1466 | D:2      | Found a glowing silver altar of Zin.
  1709 | D:2      | Identified the +6 hunting sling of Royalism {flame, rElec
                  | MP+9 Dex-4}
  1960 | D:2      | Reached XP level 4. HP: 41/41 MP: 3/3
  2228 | D:2      | Found a faded altar of an unknown god.
  2593 | D:2      | Reached skill level 5 in Axes
  3099 | D:3      | Noticed kobe's ghost (amateur OgAr)
  3103 | D:3      | Found a runed translucent gate.
  3103 | D:3      | Found a runed translucent gate.
  3103 | D:3      | Found a runed translucent gate.
  3143 | D:3      | Reached skill level 5 in Fighting
  3148 | D:3      | Reached XP level 5. HP: 48/48 MP: 4/4
  3203 | D:3      | Found a bloodstained altar of Trog.
  3455 | D:3      | You are sucked into a shaft and drop 2 floors!
  3455 | D:5      | Entered Level 5 of the Dungeon
  3468 | D:5      | Found a shimmering blue altar of Sif Muna.
  3472 | D:5      | Noticed Sigmund
  3839 | D:3      | Found a hazy altar of Hepliaklqana.
  4152 | D:4      | Noticed Anon1729's ghost (amateur MiMo)
  4170 | D:4      | Reached skill level 6 in Axes
  4339 | D:4      | Found a staircase to the Ecumenical Temple.
  4345 | Temple   | Entered the Ecumenical Temple
  4523 | D:4      | Reached XP level 6. HP: 53/57 MP: 5/5
  4675 | D:4      | Found a transporter.
  4792 | D:4      | Found a transporter.
  5238 | D:4      | Gained mutation: You are frail. (-10% HP) [potion of
                  | mutation]
  5238 | D:4      | Gained mutation: Your magical capacity is low. (-10% MP)
                  | [potion of mutation]
  5554 | D:5      | Reached XP level 7. HP: 55/55 MP: 5/5
  5618 | D:5      | Killed Sigmund
  5619 | D:5      | Reached skill level 5 in Armour
  5619 | D:5      | Reached skill level 1 in Shields
  5874 | D:5      | Reached skill level 1 in Polearms
  5903 | D:5      | Noticed Dowan
  5904 | D:5      | Noticed Duvessa
  5911 | D:5      | Killed Duvessa
  5912 | D:5      | Killed Dowan
  5969 | D:5      | Reached XP level 8. HP: 63/63 MP: 6/6
  6038 | D:5      | Found a snail-covered altar of Cheibriados.
  6609 | D:3      | Killed kobe's ghost
  6809 | D:4      | Killed Anon1729's ghost
  6810 | D:4      | Reached skill level 5 in Dodging
  6982 | D:6      | Reached skill level 5 in Polearms
  7076 | D:6      | Identified the +6 hand axe "Killer Bee's Curse" {drain,
                  | rF+}
  7188 | D:6      | Reached *** piety under Trog
  7240 | D:6      | Reached XP level 9. HP: 47/70 MP: 7/7
  7386 | D:6      | Found a glowing silver altar of Zin.
  7895 | D:7      | Identified the +1 scale mail of a volcano {Int+3}
  8142 | D:7      | Identified the +8 chain mail of Huuppaj {Harm rElec Int-4
                  | Dex+4}
  8146 | D:7      | Reached skill level 7 in Axes
  8414 | D:8      | Reached **** piety under Trog
  8578 | D:8      | Found an ornate altar of the Wu Jian Council.
  8667 | D:8      | Reached skill level 8 in Axes
  8714 | D:8      | Killed an unseen horror
  8729 | D:8      | Noticed a two-headed ogre
  8740 | D:8      | Killed a two-headed ogre
  8741 | D:8      | Reached skill level 9 in Axes
  8741 | D:8      | Reached XP level 10. HP: 25/79 MP: 8/8
  8910 | D:8      | Noticed a two-headed ogre
  8915 | D:8      | Killed a two-headed ogre
  8978 | D:8      | Noticed a cyclops
  9001 | D:8      | Killed a cyclops
  9002 | D:8      | Reached skill level 10 in Axes
  9159 | D:8      | Noticed a deep elf pyromancer
  9166 | D:8      | Killed a deep elf pyromancer
  9344 | D:9      | Found a large runed translucent door.
  9375 | D:9      | Found a large runed translucent door.
  9377 | D:9      | Noticed a two-headed ogre
  9383 | D:9      | Reached skill level 10 in Armour
  9399 | D:9      | Killed a two-headed ogre
  9400 | D:9      | Reached XP level 11. HP: 89/89 MP: 8/8
  9403 | D:9      | Reached skill level 10 in Fighting
  9403 | D:9      | Reached skill level 11 in Axes
  9505 | D:9      | Found a broken altar of Ashenzari.
  9522 | D:9      | Found a stormy altar of Qazlal.
  9659 | D:9      | Identified the +3 leather armour "Huadak" {rN+}
  9667 | D:9      | Found a flagged portal.
  9679 | Bailey   | Entered a bailey
  9901 | Bailey   | Found an iron altar of Okawaru.
 10530 | D:8      | Reached skill level 1 in Long Blades
 10686 | D:8      | Found a staircase to the Lair.
 10778 | D:8      | Found an ancient bone altar of Kikubaaqudgha.
 11052 | Lair:1   | Entered Level 1 of the Lair of Beasts
 11083 | Lair:1   | Noticed Amaemon
 11093 | Lair:1   | Killed Amaemon
 11100 | Lair:1   | Reached skill level 5 in Long Blades
 11719 | Lair:1   | Identified a scroll of acquirement
 11720 | Lair:1   | Acquired the +2 pair of boots of Painahib {rPois Int+3}
 12238 | Lair:2   | Noticed a catoblepas
 12254 | Lair:2   | Noticed a five-headed hydra
 12301 | Lair:2   | Killed a catoblepas
 12315 | Lair:2   | Reached XP level 12. HP: 60/96 MP: 9/9
 12484 | Lair:2   | Reached skill level 10 in Long Blades
 12587 | Lair:2   | Reached skill level 1 in Evocations
 12608 | Lair:2   | Reached ***** piety under Trog
 12731 | Lair:2   | Found a hole to the Spider Nest.
 12893 | Spider:1 | Entered Level 1 of the Spider Nest
 13176 | Spider:1 | Reached skill level 1 in Slings
 13192 | Spider:1 | Reached skill level 12 in Axes
 13765 | Spider:1 | Received a gift from Trog
 13784 | Spider:1 | HP: 4/100 [meliai/+0 hand axe (3)]
 13784 | Spider:1 | Slain by a meliai

Illustrated notes

Levels and vault maps discovered:
D:1:      sevenhm_arrival_forest_fort_small_1, layout_basic, serial_shops,
          nicolae_lakefront_shop, nicolae_shop_bloodbath_and_beyond,
          nicolae_lakefront_shop, shop, shop_fountains
D:2:      layout_basic, basic_altar, shapermc_ecumenical_altar_totnotflames,
          kennysheep_nondescript
D:3:      layout_rooms, nicolae_overflow_crystal_walls,
          nzn_hepliaklqana_mist_gate, gammafunk_ghost_split
D:4:      layout_basic, temple_statues, gammafunk_ghost_arena,
          hangedman_abyss_or_decor_jellyfish_corner,
          hangedman_abyss_or_decor_passed, grunt_ministairs_3
D:5:      layout_loops_ring, mainiacjoe_overflow_boulevard, slow_altar_2,
          uniq_sigmund, uniq_duvessa
D:6:      layout_gridville, mainiacjoe_overflow_cross_hatched
D:7:      nicolae_BIG_FREAKIN_CUBE, layout_basic
D:8:      kennysheep_windowed_halls, layout_gridville,
          mainiacjoe_overflow_alcove_2, nzn_wu_jian_contemplation,
          grunt_lair_entry_orc_guard_hut, hex_large
D:9:      layout_roguey, jmf_multi_god_temple2, enter_bailey_3
Temple:   jpeg_temple_alley_garden
Lair:1:   layout_hall_layers, lemuel_old_faithful, uniq_amaemon
Lair:2:   layout_chaotic_city, spider_nest_entry_webs, serial_bayou_shore_a,
          grunt_megastairs_4, infiniplex_staircase_pool_2, serial_bayou_shore_b,
          serial_bayou_shore_b
Spider:1: layout_spider_delve, hangedman_spider_tarantella_strand

Skill      XL: |  1  2  3  4  5  6  7  8  9 10 11 12 |
---------------+-------------------------------------+-----
Axes           | 4 5 6 9 10 11 12 | 12.6
Fighting       | 4 5 6 8 9 10 11 | 11.8
Armour         | 3 4 6 7 9 10 11 | 11.2
Dodging        | 3 4 5 7 8 9 |  9.4
Shields        | 2 3 |  3.7
Polearms       | 2 5 6 |  6.0
Long Blades    | 9 11 | 11.2
Evocations     | 1 |  1.8
Slings         | 3 |  3.2

Action                   |  1- 3 |  4- 6 |  7- 9 | 10-12 || total
-------------------------+-------+-------+-------+-------++-------
Melee: Hand axe          |    78 |   127 |   128 |   462 ||   795
       Headbutt          |     9 |    20 |    33 |   103 ||   165
       Trident           |       |       |    92 |       ||    92
       Punch             |       |       |     2 |     4 ||     6
Invok: Berserk           |     1 |     4 |     6 |    10 ||    21
       Trog's Hand       |     1 |     1 |     1 |     1 ||     4
       Brothers in Arms  |       |       |       |     2 ||     2
Evoke: Wand              |       |       |       |     3 ||     3
  Use: Scroll            |     4 |     6 |     5 |     9 ||    24
       Potion            |       |     5 |     1 |     6 ||    12
 Stab: Distracted        |       |       |     1 |       ||     1
Armor: Animal skin       |    11 |       |       |       ||    11
       Leather armour    |     8 |       |       |       ||     8
       Plate armour      |     9 |    69 |   150 |   233 ||   461
       Chain mail        |       |       |       |    29 ||    29
Dodge: Dodged            |    41 |    51 |    68 |   205 ||   365
Block: Other             |       |    12 |    50 |   107 ||   169
       Reflection        |       |       |     2 |     5 ||     7

Table legend: (Time is in decaauts)
 A = Elapsed time spent in this place.
 B = Non-inter-level travel time spent in this place.
 C = Inter-level travel time spent in this place.
 D = Time resting spent in this place.
 E = Time spent auto-exploring this place.
 F = Levels seen in this place.
 G = Mean time per level.
                   A        B        C        D        E       F      G
               +--------+--------+--------+--------+--------+-----+--------+
         Total |  13847 |  13174 |    673 |   2019 |   7296 |  14 |  989.1 |
       Dungeon |  11102 |  10495 |    607 |   1676 |   5874 |   9 | 1233.6 |
        Temple |     97 |     97 |      0 |      0 |      0 |   1 |   97.0 |
          Lair |   1398 |   1332 |     66 |    104 |    780 |   2 |  699.0 |
   Spider Nest |    859 |    859 |      0 |    238 |    430 |   1 |  859.0 |
        Bailey |    389 |    389 |      0 |      0 |    211 |   1 |  389.0 |
               +--------+--------+--------+--------+--------+-----+--------+

Top non-repeatable levels by time:
     D:4: 1969 daAuts
     D:2: 1633 daAuts
     D:8: 1633 daAuts
     D:1: 1526 daAuts
     D:3: 1056 daAuts
     D:5: 979 daAuts
     D:6: 869 daAuts
Spider:1: 859 daAuts
     D:9: 796 daAuts
  Lair:1: 701 daAuts
  Lair:2: 697 daAuts
     D:7: 637 daAuts
  Bailey: 389 daAuts
  Temple: 97 daAuts
